 Dungeon Crawl Stone Soup version 0.27-a0-1123-g2f9bb313c0 (webtiles) character file.

Game seed: 1698269673152497859

30 Zeld the Shield-Bearer (level 3, 0/26 HPs)
             Began as an Octopode Fighter on May 4, 2021.
             Succumbed to an adder's poison
             ... on level 4 of the Dungeon.
             The game lasted 00:00:38 (419 turns).

Zeld the Shield-Bearer (Octopode Fighter)            Turns: 419, Time: 00:00:39

Health: 0/26       AC:  1    Str: 16    XL:     3   Next: 20%
Magic:  3/3        EV: 11    Int: 10    God:
Gold:   11         SH:  9    Dex: 11    Spells: 2/2 levels left

rFire    . . .     SeeInvis .   a - +0 war axe
rCold    . . .     Faith    .   b - +0 kite shield
rNeg     . . .     Spirit   .   (helmet restricted)
rPois    .         Reflect  .   (no amulet)
rElec    .         Harm     .   (no ring)
rCorr    .         Rampage  .   (no ring)
Will     .....                  (no ring)
Stlth    ++........             (no ring)
HPRegen  0.08/turn              (no ring)
MPRegen  0.08/turn              (no ring)
                                (no ring)
                                (no ring)

@: lethally poisoned (0 -> -4)
A: almost no armour, amphibious, 8 rings, camouflage 1, gelatinous body 1,
(nimble swimmer 1), tentacles
a: no special abilities


You were on level 4 of the Dungeon.
You visited 1 branch of the dungeon, and saw 4 of its levels.

You collected 11 gold pieces.

Inventory:

Hand Weapons
 a - a +0 war axe (weapon)
Armour
 b - a +0 kite shield (worn)
Scrolls
 d - a scroll of fog {unknown}
Potions
 c - a potion of might


   Skills:
 * Level 3.4 Fighting
 * Level 2.5 Axes
 - Level 3.0 Dodging
 * Level 3.4 Shields


You had 2 spell levels left.
You didn't know any spells.
Your spell library was empty.

Dungeon Overview and Level Annotations

Branches:
Dungeon (4/15)
 Temple: D:4-7

Altars:

Annotations:
D:4 exclusion: ogre


Innate Abilities, Weirdness & Mutations

You cannot wear most types of armour.
You are amphibious.
You can wear up to eight rings at the same time.
Your skin changes colour to match your surroundings (Stealth+).
Your rubbery body absorbs attacks. (AC +1, EV +1)
((You are camouflaged near water. (Stealth+)))
You have tentacles for arms and can constrict up to eight enemies at once.


Message History

The hound skeleton bites you but does no damage.
The hound skeleton barely misses you.
You hit the hound skeleton.
The hound skeleton is severely damaged.
You constrict the hound skeleton.
You destroy the hound skeleton!
No target in view!
No target in view!
An adder comes into view.
An adder is nearby!
An adder is nearby!
You miss the adder.
The adder hisses angrily.
Your grab misses the adder. Your squeeze misses the adder.
The adder bites you. x2
You are poisoned.
The adder poisons you!
Your shield prevents you from hitting the adder.
Your grab misses the adder. You squeeze the adder!
The adder is almost dead.
You feel very sick. The adder bites you.
You are lethally poisoned!
The adder poisons you! You block the adder's attack.
You hit the adder.
You kill the adder!
* * * LOW HITPOINT WARNING * * *
You feel very sick.
You have reached level 3!
Your experience leads to an increase in your attributes!
Increase (S)trength, (I)ntelligence, or (D)exterity?
You feel stronger.
There is a lethal amount of poison in your body!
Okay, then.
* * * LOW HITPOINT WARNING * * *
You feel sick.
* * * LOW HITPOINT WARNING * * *
You feel sick.
* * * LOW HITPOINT WARNING * * *
You feel sick.
You die...

#..#########.#.#
#..#.. . #.#.#
#..#.# #.#.#.# #
#..#.# #.#.#.#..#
#..#.# #........#
#..#.# #.#.###..#
#..#.# #.#...# #
#..#.#########.#..#
#.@#..............#
#..#.#########....#
#..#.# ######
#....# ##.#.# #.#.#
#.#.# #.#.#
#.#.##############


There were no monsters in sight!

Vanquished Creatures
  A hound skeleton (D:4)
  An adder (D:4)
  A ball python (D:1)
  An endoplasm (D:3)
  A giant cockroach (D:1)
  2 goblins (D:3)
  2 rats (D:3)
9 creatures vanquished.

Notes
Turn   | Place    | Note
-------+----------+-------------------------------------------
     0 | D:1      | Zeld the Octopode Fighter began the quest for the Orb.
     0 | D:1      | Reached XP level 1. HP: 16/16 MP: 1/1
    85 | D:3      | Reached XP level 2. HP: 7/21 MP: 2/2
   366 | D:4      | Noticed an ogre
   416 | D:4      | Reached XP level 3. HP: 5/26 MP: 3/3
   418 | D:4      | HP: 1/26 [poisoned by an adder]
   419 | D:4      | Succumbed to an adder's poison

Illustrated notes

Levels and vault maps discovered:
D:1:      shiori_arrival_maze, layout_basic
D:2:      layout_basic, serial_shops, shop, nicolae_shop_overgrown_old_shop
D:3:      layout_basic, hellmonk_ecumenical_altar_lost_god, serial_shops, shop,
          kennysheep_generic_room_15
D:4:      layout_basic, general_overflow_altar

Action                   || total
-------------------------++-------
Melee: War axe           ||    16
       Tentacles         ||     5
       Constrict         ||     4
 Stab: Sleeping          ||     3
Armor: Skin              ||     1
Dodge: Dodged            ||     7
Block: Kite shield       ||     8

Table legend: (Time is in decaauts)
 A = Elapsed time spent in this place.
 B = Non-inter-level travel time spent in this place.
 C = Inter-level travel time spent in this place.
 D = Time resting spent in this place.
 E = Time spent auto-exploring this place.
 F = Levels seen in this place.
 G = Mean time per level.
                   A        B        C        D        E       F      G
               +--------+--------+--------+--------+--------+-----+--------+
         Total |    428 |    397 |     31 |      0 |    330 |   4 |  107.0 |
       Dungeon |    428 |    397 |     31 |      0 |    330 |   4 |  107.0 |
               +--------+--------+--------+--------+--------+-----+--------+

Top non-repeatable levels by time:
     D:3: 251 daAuts
     D:4: 106 daAuts
     D:1: 60 daAuts
     D:2: 9 daAuts
